 Dungeon Crawl Stone Soup version 0.23.1-37-gaa34b87 (webtiles) character file.

Game seed: 2137839060506008591

51 night the Caller (level 3, -2/19 HPs)
             Began as a Gargoyle Summoner on Mar 21, 2019.
             Was an Initiate of Gozag.
             Slain by a jackal (3 damage)
             ... on level 2 of the Dungeon.
             The game lasted 00:05:18 (2113 turns).

night the Caller (Gargoyle Summoner)                Turns: 2113, Time: 00:05:19

Health: -2/19      AC:  5    Str: 11    XL:     3   Next: 83%
Magic:  3/7        EV: 12    Int: 16    God:    Gozag
Gold:   85         SH:  0    Dex: 10    Spells: 1/7 levels left

rFire    . . .     SeeInvis .   h - +0 mace
rCold    . . .     Gourm    .   (no shield)
rNeg     + . .     Faith    .   a - +0 robe
rPois    ∞         Spirit   .   (no helmet)
rElec    +         Reflect  .   (no cloak)
rCorr    .         Harm     .   (no gloves)
MR       .....                  (no boots)
Stlth    ++........             (no amulet)
HPRegen  0.06/turn              (no ring)
MPRegen  0.10/turn              (no ring)

@: no status effects
A: negative energy resistance 1, electricity resistance, unbreathing,
petrification resistance, rot immunity, AC +3
a: Potion Petition, Call Merchant, Bribe Branch, Renounce Religion


You were on level 2 of the Dungeon.
You worshipped Gozag.
Gozag was noncommittal.
You were not hungry.

You visited 1 branch of the dungeon, and saw 3 of its levels.

You collected 114 gold pieces.
You paid 29 gold pieces to Gozag.

Inventory:

Hand Weapons
 h - a +0 mace (weapon)
Missiles
 i - 71 stones (quivered)
 l - 25 arrows
Armour
 a - a +0 robe (worn)
Scrolls
 b - a scroll of immolation {unknown}
 e - 3 scrolls of remove curse {unknown}
 f - 2 scrolls of enchant armour {unknown}
 g - 4 scrolls of teleportation {unknown}
 j - a scroll of blinking {unknown}
 k - 3 scrolls of identify {unknown}
 n - a scroll of fog {unknown}
Potions
 d - a potion of ambrosia {unknown}
 o - 2 potions of brilliance {unknown}
Comestibles
 c - 2 rations
 m - 2 chunks of flesh


   Skills:
 + Level 1.4 Maces & Flails
 - Level 1.5 Dodging
 - Level 2.1 Stealth
 + Level 2.8 Spellcasting
 + Level 4.1 Summonings


You had one spell level left.
You knew the following spells:

 Your Spells              Type           Power        Failure   Level  Hunger
a - Summon Small Mammal   Summ           ###.         3%          1    #......
b - Call Imp              Summ           ###.....     5%          2    ##.....
c - Call Canine Familiar  Summ           ###.....     11%         3    ###....

Your spell library contained the following spells:

 Spells                   Type           Power        Failure   Level  Hunger
 Corona                   Hex            #......      19%         1    #......
 Summon Guardian Golem    Hex/Summ       #.......     24%         3    ###....
 Slow                     Hex            #.......     28%         2    ##.....
 Inner Flame              Hex/Fire       #.......     50%         3    ###....
 Portal Projectile        Hex/Tloc       #.....       50%         3    ###....
 Summon Ice Beast         Ice/Summ       #.......     63%         4    #####..
 Summon Lightning Spire   Summ/Air       #.......     63%         4    #####..
 Cause Fear               Hex            #.........   88%         4    #####..
 Leda's Liquefaction      Hex/Erth       #.........   88%         4    #####..


Dungeon Overview and Level Annotations

Branches:
Dungeon (3/15)

Altars:
Gozag


Innate Abilities, Weirdness & Mutations

You are resistant to torment.
Your stone body is resilient. (AC +3)
You are immune to poison.
You resist negative energy. (rN+)
You are resistant to electric shocks. (rElec)
You can survive without breathing.
You are immune to petrification.
You are immune to rotting.


Message History

The rat becomes distracted by the nearby gold, dreaming of imaginary riches.
The orc barely misses you.
The jackal bites you but does no damage.
Your rat bites the hobgoblin.
The jackal barely misses you.
You climb upwards.
Your summoned ally is left behind.
There is a stone staircase leading down here.
The jackal closely misses you. The orc hits you.
* * * LOW HITPOINT WARNING * * *
The jackal barely misses you.
The jackal bites you but does no damage.
The jackal barely misses you. The jackal bites you.
* * * LOW HITPOINT WARNING * * *
The hobgoblin closely misses you. The jackal closely misses you.
Casting: Summon Small Mammal (safe; 3% risk of failure)
Confirm with . or Enter, or press ? or * to list all spells.
The jackal bites you.
You die...
Your body crumbles into a pile of gold.

#.............#....# #..#
#.............#.##.## #..#
.....÷........#.#...###..#
.................._......#
..............###...#.#.##
..............# ##.##.#.#
..............# #....#.#
.............h####.####.#
..............oh@.......#
..............b###.######
....>..............#
#..............#####
#..............#
#..............#
################ #######


You could see an orc, 2 jackals and a friendly bat.

Vanquished Creatures
  2 dart slugs
  An orc (D:3)
  2 ball pythons
  5 bats
  2 giant cockroaches (D:2)
  A goblin (D:1)
  2 hobgoblins
  4 kobolds
  2 frilled lizards
  6 rats
27 creatures vanquished.

Vanquished Creatures (collateral kills)
  2 adders (D:2)
  A leopard gecko (D:1)
  2 orcs (D:3)
  A goblin (D:2)
6 creatures vanquished.

Grand Total: 33 creatures vanquished

Notes
Turn   | Place    | Note
-------+----------+-------------------------------------------
     0 | D:1      | night the Gargoyle Summoner began the quest for the Orb.
     0 | D:1      | Reached XP level 1. HP: 10/10 MP: 3/3
   100 | D:1      | Reached XP level 2. HP: 15/15 MP: 5/5
   923 | D:1      | Learned a level 2 spell: Call Imp
  1268 | D:2      | Reached XP level 3. HP: 19/19 MP: 1/6
  1290 | D:2      | Reached skill level 4 in Summonings
  1293 | D:2      | Reached skill level 1 in Maces & Flails
  1625 | D:2      | Learned a level 3 spell: Call Canine Familiar
  1965 | D:2      | Found an opulent altar of Gozag.
  2068 | D:2      | Became a worshipper of Gozag Ym Sagoz the Greedy
  2113 | D:2      | Slain by a jackal

Skill      XL: |  1  2  3 |
---------------+----------+-----
Summonings     | 4 |  4.1
Maces & Flails | 1 |  1.4
Dodging        | |  1.5
Stealth        | |  2.1
Spellcasting   | |  2.8

Action                   || total
-------------------------++-------
Melee: Unarmed           ||    24
       Mace              ||    85
 Cast: Summon Small Mamm ||     9
       Call Imp          ||     6
 Stab: Sleeping          ||     5
  Eat: Chunk             ||     4
Armor: Robe              ||    46
Dodge: Dodged            ||   121
